 Dungeon Crawl Stone Soup version 0.18.1-48-g4cf74bf (webtiles) character file.

15135 Heedrag the Destroyer (level 11, -11/64 HPs)
             Began as a Deep Elf Conjurer on Aug 7, 2016.
             Was a High Priest of Vehumet.
             Mangled by a yak (16 damage)
             ... on level 12 of the Dungeon.
             The game lasted 00:36:58 (13863 turns).

Heedrag the Destroyer (Deep Elf Conjurer)          Turns: 13863, Time: 00:36:59

Health: -11/64     AC:  6    Str: 12    XL:     11   Next: 97%
Magic:  8/28       EV: 17    Int: 21    God:    Vehumet [*****.]
Gold:   1063       SH:  0    Dex: 15    Spells: 7 memorised, 3 levels left

rFire  + . .     SeeInvis .     u - +4 quarterstaff (chaos)
rCold  x . .     Gourm    .     a - +0 robe
rNeg   . . .     Faith    .     (shield currently unavailable)
rPois  .         Spirit   .     (no helmet)
rElec  .         Dismiss  .     d - +2 cloak {+Inv}
rCorr  .         Reflect  .     (no gloves)
SustAt .         Harm     .     A - +0 pair of boots
MR     +....                    (no amulet)
Stlth  ++........               X - ring of fire
                                z - +4 ring of strength

@: somewhat resistant to hostile enchantments, unstealthy
A: no striking features
a: Renounce Religion, Evoke Invisibility


You were on level 12 of the Dungeon.
You worshipped Vehumet.
Vehumet was extremely pleased with you.
You were hungry.

You visited 3 branches of the dungeon, and saw 14 of its levels.
You also visited: Sewer and Bailey.

You collected 1063 gold pieces.

Inventory:

Hand Weapons
 e - a +0 short sword
 u - a +4 quarterstaff of chaos (weapon)
 O - a +1 dagger of protection
 P - a +0 dagger of electrocution
Armour
 a - a +0 robe (worn)
 d - a +2 cloak of invisibility (worn)
 v - a +0 cloak
 A - a +0 pair of boots (worn)
 Y - a troll hide
Rods
 U - a -2 lightning rod (11/11)
   (You found it on level 9 of the Dungeon)
Jewellery
 z - a +4 ring of strength (left hand)
 V - a +2 ring of strength
 X - a ring of fire (right hand)
Wands
 q - a wand of iceblast (4/15)
 L - a wand of enslavement (14/24)
 T - a wand of iceblast (4/15)
Scrolls
 l - 3 scrolls of teleportation {unknown}
 n - 10 scrolls of identify {unknown}
 o - 4 scrolls of amnesia {unknown}
 r - 3 scrolls of blinking {unknown}
 t - 2 scrolls of fog {unknown}
 x - a scroll of noise {unknown}
 y - 5 scrolls of remove curse {unknown}
 B - 4 scrolls of enchant weapon {unknown}
 G - 7 scrolls of magic mapping {unknown}
 H - 2 scrolls of recharging {unknown}
 N - 2 scrolls of enchant armour {unknown}
Potions
 g - 5 potions of flight
 h - 6 potions of agility {unknown}
 k - 7 potions of curing {unknown}
 m - 2 potions of brilliance {unknown}
 p - 2 potions of degeneration {unknown}
 s - 8 potions of heal wounds {unknown}
 w - a potion of berserk rage {unknown}
 C - 2 potions of resistance {unknown}
 D - a potion of lignification {unknown}
 E - 4 potions of magic {unknown}
 F - 5 potions of might {unknown}
 I - a potion of haste {unknown}
 K - a potion of ambrosia {unknown}
Books
 b - a book of Conjurations

   Spells                             Type                      Level
   a - Magic Dart                     Conjuration                  1
   b - Searing Ray                    Conjuration                  2
   c - Dazzling Spray                 Conjuration/Hexes            3
   d - Fulminant Prism                Conjuration/Hexes            4
   e - Iskenderun's Mystic Blast      Conjuration                  4
   f - Iskenderun's Battlesphere      Conjuration/Charms           5
 J - a book of Death

   Spells                             Type                      Level
   a - Corpse Rot                     Necromancy                   2
   b - Sublimation of Blood           Necromancy                   2
   c - Agony                          Necromancy                   5
   d - Dispel Undead                  Necromancy                   5
   e - Excruciating Wounds            Charms/Necromancy            5
   f - Bolt of Draining               Conjuration/Necromancy       5
 M - a book of the Dragon

   Spells                             Type                      Level
   a - Flame Tongue                   Conjuration/Fire             1
   b - Cause Fear                     Hexes                        4
   c - Bolt of Fire                   Conjuration/Fire             6
   d - Dragon Form                    Transmutation                7
   e - Dragon's Call                  Summoning                    9
 Q - a book of the Earth

   Spells                             Type                      Level
   a - Leda's Liquefaction            Hexes/Earth                  4
   b - Bolt of Magma                  Conjuration/Fire/Earth       5
   c - Statue Form                    Transmutation/Earth          6
   d - Iron Shot                      Conjuration/Earth            6
   e - Shatter                        Earth                        9
 W - a book of Flames

   Spells                             Type                      Level
   a - Flame Tongue                   Conjuration/Fire             1
   b - Throw Flame                    Conjuration/Fire             2
   c - Conjure Flame                  Conjuration/Fire             3
   d - Inner Flame                    Hexes/Fire                   3
   e - Sticky Flame                   Conjuration/Fire             4
   f - Fireball                       Conjuration/Fire             5
Comestibles
 c - 6 bread rations
 f - 5 beef jerkies
 i - a royal jelly
 j - 6 meat rations
 R - 18 fruits


   Skills:
 + Level 5.8 Fighting
 + Level 8.6 Dodging
 - Level 2.4 Stealth
 + Level 11.2 Spellcasting
 * Level 13.1 Conjurations
 - Level 10.1 Charms
 + Level 3.1 Necromancy
 + Level 4.3 Fire Magic
 - Level 1.3 Evocations


You had 3 spell levels left.
You knew the following spells:

 Your Spells              Type           Power        Failure   Level  Hunger
a - Magic Dart            Conj           ####         1%          1    None
b - Dazzling Spray        Conj/Hex       #####.       1%          3    None
c - Iskenderun's Mystic   Conj           ######..     1%          4    #......
d - Iskenderun's Battles  Conj/Chrm      ######..     1%          5    ####...
e - Bolt of Draining      Conj/Necr      #####.....   2%          5    ####...
f - Bolt of Magma         Conj/Fire/Erth ######....   4%          5    ####...
g - Bolt of Fire          Conj/Fire      ######....   7%          6    ######.


Dungeon Overview and Level Annotations

Branches:
Dungeon (12/15)            Temple (1/1) D:6            Lair (1/8) D:9
    Orc (0/2) D:9

Altars:
Ashenzari
Cheibriados
Dithmenos
Elyvilon
Fedhas
Gozag
Kikubaaqudgha
Makhleb
Nemelex Xobeh
Okawaru
Pakellas
Qazlal
Ru
Sif Muna
Trog
Vehumet
Xom
Yredelemnul
Zin
The Shining One

Shops:
D:6 (   D:7 [

Annotations:
D:4 Pikel
Lair:1 Heedrag's ghost, journeyman MiFi


Message History

Tha yak be severely wounded.
Tha yak gores itself.
Ye catch tha helpless yak completely off-guard!
Ye thump tha yak!
Ye kill tha yak!
Vehumet accepts yer kill.
Ye feel yer power returnin'.
Tha yak completely misses ye.
Ye closely miss tha yak.
Tha yak be almost dead.
Tha yak closely misses ye.
Ye sock tha yak!
Ye kill tha yak!
Vehumet accepts yer kill.
Ye feel yer power returnin'.
Ye sock tha yak!
Tha yak be poison'd.
Tha yak be lightly wounded.
Tha yak gores ye!
* * * LOW HITPOINT WARNIN'
* * * Tha yak gores ye!
Ye die...

#+####
#@Y..##
####.<#
##'# ....
.......
........#
#.YY.....#
#.Y.%....#
#........#


You could see a yak.

Vanquished Creatures
  Nergalle (D:10)
  The ghost of dearth the Fighter, a novice MiFi (D:6)
  2 orc knights (Bailey)
  A hill giant (D:11)
  A manticore (D:10)
  A gargoyle (D:11)
  Psyche (D:9)
  A troll (D:10)
  2 two-headed ogres
  Grinder (D:6)
  A wyvern (D:11)
  27 yaks
  A steam dragon (D:9)
  2 hippogriffs
  2 hungry ghosts
  A soldier ant (D:11)
  2 hell hounds (D:9)
  A water moccasin (D:10)
  2 ice beasts
  10 orc warriors
  Duvessa (D:7)
  A black bear (D:10)
  2 wasps (D:10)
  2 phantoms
  4 ogres
  4 centaurs
  13 big kobolds
  5 giant frogs
  Dowan (D:7)
  A wyvern zombie (D:7)
  A scorpion (D:5)
  5 killer bees (D:9)
  2 howler monkeys (D:11)
  3 wights (D:9)
  5 crimson imps
  2 quasits (D:10)
  4 hounds
  2 jellies
  Crazy Yiuf (D:2)
  8 orc priests
  13 orc wizards
  A giant frog skeleton (D:11)
  4 iguanas
  Ijyb (D:3)
  6 worker ants
  3 hound skeletons
  A hound zombie (D:5)
  3 gnolls (D:7)
  A howler monkey skeleton (D:8)
  7 river rats
  18 adders
  2 shadow imps
  An adder zombie (D:8)
  4 oozes
  3 adder skeletons
  3 worms
  2 dart slugs
  7 giant geckos
  32 orcs
  12 ball pythons (Sewer)
  8 bats
  6 giant cockroaches
  10 goblins
  12 hobgoblins
  4 jackals (D:4)
  46 kobolds
  7 quokkas
  A giant cockroach zombie (D:6)
  A giant gecko skeleton (D:4)
  6 giant newts
  A quokka skeleton (D:7)
  30 rats
384 creatures vanquished.

Vanquished Creatures (others)
  A quokka skeleton (D:5)
1 creature vanquished.

Grand Total: 385 creatures vanquished

Notes
Turn   | Place    | Note
--------------------------------------------------------------
     0 | D:1      | Heedrag the Deep Elf Conjurer began the quest for the Orb.
     0 | D:1      | Reached XP level 1. HP: 10/10 MP: 6/6
   154 | D:1      | Reached XP level 2. HP: 15/15 MP: 2/8
   322 | D:1      | Reached skill level 5 in Conjurations
   766 | D:2      | Reached XP level 3. HP: 19/19 MP: 3/10
  1271 | D:2      | Reached XP level 4. HP: 24/24 MP: 8/12
  1513 | D:2      | Found a sacrificial altar of Ru.
  1654 | D:2      | Noticed Crazy Yiuf
  1661 | D:2      | Killed Crazy Yiuf
  1661 | D:2      | Reached skill level 6 in Conjurations
  1674 | D:2      | Learned a level 3 spell: Dazzling Spray
  1679 | D:2      | Learned a level 4 spell: Iskenderun's Mystic Blast
  1815 | D:2      | You fall through a shaft!
  1825 | D:3      | Reached XP level 5. HP: 19/28 MP: 8/14
  2026 | D:3      | Learned a level 5 spell: Iskenderun's Battlesphere
  2047 | D:3      | Reached skill level 1 in Charms
  2167 | D:3      | Reached skill level 5 in Spellcasting
  2237 | D:3      | Noticed Ijyb
  2246 | D:3      | Killed Ijyb
  2849 | D:4      | Found a sparkling altar of Nemelex Xobeh.
  2881 | D:4      | Noticed a slave
  2881 | D:4      | Noticed a slave
  2950 | D:4      | Reached skill level 1 in Evocations
  2950 | D:4      | Reached XP level 6. HP: 32/32 MP: 9/15
  3056 | D:4      | Noticed Pikel
  3056 | D:4      | Noticed a slave
  3175 | D:4      | Noticed a slave
  3177 | D:5      | Entered Level 5 of the Dungeon
  3300 | D:5      | Reached skill level 7 in Conjurations
  3414 | D:5      | Found a glowing drain.
  3423 | Sewer    | Entered a sewer
  4514 | Sewer    | Reached XP level 7. HP: 36/36 MP: 8/17
  4782 | D:5      | Reached skill level 8 in Conjurations
  5402 | D:5      | Reached skill level 5 in Charms
  5442 | D:5      | Found a snail-covered altar of Cheibriados.
  5472 | D:5      | Reached XP level 8. HP: 41/41 MP: 3/20
  5710 | D:6      | Noticed Grinder
  5919 | D:6      | Reached skill level 1 in Fighting
  6037 | D:6      | Killed Grinder
  6037 | D:6      | Reached skill level 9 in Conjurations
  6236 | D:6      | Found a staircase to the Ecumenical Temple.
  6245 | Temple   | Entered the Ecumenical Temple
  6349 | D:6      | Noticed dearth's ghost (novice MiFi)
  6576 | D:6      | Found Looko's Weapon Shoppe.
  6599 | D:6      | Found a shadowy altar of Dithmenos.
  6600 | D:6      | Found a radiant altar of Vehumet.
  7048 | D:6      | Became a worshipper of Vehumet
  7113 | D:7      | Found Efruhoip's Antique Armour Emporium.
  7376 | D:7      | Noticed Duvessa
  7376 | D:7      | Noticed Dowan
  7381 | D:7      | Killed Duvessa
  7381 | D:7      | Reached XP level 9. HP: 49/49 MP: 13/22
  7385 | D:7      | Killed Dowan
  7760 | D:6      | Killed dearth's ghost
  7760 | D:6      | Reached skill level 5 in Dodging
  7760 | D:6      | Reached skill level 10 in Conjurations
  8423 | D:8      | Reached * piety under Vehumet
  8423 | D:8      | Offered knowledge of Sting by Vehumet.
  9151 | D:9      | Found a shimmering altar of Xom.
  9161 | D:9      | Reached ** piety under Vehumet
  9161 | D:9      | Reached skill level 11 in Conjurations
  9161 | D:9      | Reached XP level 10. HP: 56/56 MP: 17/25
  9264 | D:9      | Found a flagged portal.
  9275 | D:9      | Offered knowledge of Sandblast by Vehumet.
  9298 | Bailey   | Entered a bailey
  9371 | Bailey   | Noticed an orc knight
  9377 | Bailey   | Noticed an orc knight
  9410 | Bailey   | Killed an orc knight
  9666 | Bailey   | Killed an orc knight
  9666 | Bailey   | Offered knowledge of Ignite Poison by Vehumet.
 10129 | D:9      | Found a bloodstained altar of Trog.
 10141 | D:9      | Found a deep blue altar of Sif Muna.
 10221 | D:9      | Reached *** piety under Vehumet
 10336 | D:9      | Reached skill level 10 in Spellcasting
 10513 | D:9      | Learned a level 5 spell: Bolt of Draining
 10519 | D:9      | Learned a level 5 spell: Bolt of Magma
 10572 | D:9      | Found a staircase to the Lair.
 10688 | D:9      | Found a staircase to the Orcish Mines.
 10699 | D:9      | Noticed Psyche
 10704 | D:9      | Killed Psyche
 10704 | D:9      | Reached skill level 12 in Conjurations
 10708 | D:9      | Offered knowledge of Force Lance by Vehumet.
 10980 | D:9      | Learned a level 6 spell: Bolt of Fire
 11041 | D:9      | Found a basalt altar of Yredelemnul.
 11076 | D:10     | Entered Level 10 of the Dungeon
 11098 | D:10     | Reached skill level 1 in Fire Magic
 11210 | D:10     | Reached XP level 11. HP: 53/62 MP: 12/27
 11266 | Lair:1   | Entered Level 1 of the Lair of Beasts
 11266 | Lair:1   | Noticed Heedrag's ghost (journeyman MiFi)
 11728 | D:10     | Noticed Nergalle
 11735 | D:10     | Killed Nergalle
 11875 | D:10     | Reached **** piety under Vehumet
 11875 | D:10     | Reached skill level 10 in Charms
 12174 | D:10     | Offered knowledge of Lightning Bolt by Vehumet.
 12175 | D:10     | Reached skill level 5 in Fighting
 12227 | D:10     | HP: 2/63 [yak (15)]
 12530 | D:10     | Found a blossoming altar of Fedhas.
 12705 | D:10     | Reached skill level 1 in Necromancy
 13119 | D:11     | Noticed a hill giant
 13122 | D:11     | Killed a hill giant
 13633 | D:11     | Reached skill level 13 in Conjurations
 13760 | D:11     | Reached ***** piety under Vehumet
 13807 | D:11     | Noticed a skeletal warrior
 13814 | D:11     | Noticed a skeletal warrior
 13848 | D:12     | Offered knowledge of Spellforged Servitor by Vehumet.
 13863 | D:12     | Mangled by a yak

Skill      XL: |  1  2  3  4  5  6  7  8  9 10 11 |
---------------+----------------------------------+-----
Conjurations   | 5 6 7 8 9 11 12 13 | 13.1
Spellcasting   | 4 5 6 7 9 10 11 | 11.2
Charms         | 2 3 5 6 8 9 10 | 10.1
Evocations     | 1 |  1.3
Fighting       | 2 3 4 5 |  5.8
Dodging        | 4 5 7 8 |  8.6
Fire Magic     | 1 4 |  4.3
Necromancy     | 3 |  3.1
Stealth        | |  2.4

Action                   |  1- 3 |  4- 6 |  7- 9 | 10-12 || total
-------------------------+-------+-------+-------+-------++-------
Melee: Unarmed           |     1 |       |       |       ||     1
       Short sword       |     3 |       |       |       ||     3
       Quarterstaff      |       |    29 |    26 |    42 ||    97
 Cast: Magic Dart        |    64 |   255 |   262 |   278 ||   859
       Dazzling Spray    |       |     2 |     2 |       ||     4
       Iskenderun's Batt |       |     1 |    22 |    57 ||    80
       Iskenderun's Myst |       |       |     2 |    41 ||    43
       Bolt of Draining  |       |       |       |    15 ||    15
  Use: Potion            |       |       |       |     1 ||     1
 Stab: Invisible         |       |     1 |     1 |       ||     2
       Sleeping          |       |       |     1 |       ||     1
       Confused          |       |       |       |     1 ||     1
  Eat: Chunk             |     1 |    10 |    18 |    27 ||    56
       Pizza             |       |       |     1 |     1 ||     2
       Fruit             |       |       |       |     1 ||     1
Armor: Robe              |     1 |    31 |    18 |    16 ||    66
Dodge: Dodged            |    10 |    87 |    56 |    95 ||   248
